AoeStats
← VENÓN | El Claut_One

Nomad

505190282Analyzed
4v4 RM · 23d ago on Sep 8, 2026· 43m 56s· 8 players
Game mode
Random Map
Map size
231×231
Population
200
Speed
Normal
Resources
Standard
Victory
Conquest
Starting age
Dark Age
Ending age
Imperial Age
RankedLock teamsTeams togetherTeam positionsShared explorationLock speedFull tech treeHidden civsTurbo modeCheats
Victory
Defeat
🇲🇽 Berbers · Mexico
2037
+9
🇲🇽 Bulgarians · Mexico
1944
+12
🇻🇳 Burmese · Vietnam
1917
+13
🇲🇽 Wei · Mexico
1800
+19
🇹🇼 Dravidians · Taiwan
1945
-17
🇹🇼 Khmer · Taiwan
1932
-16
🇹🇼 Vietnamese · Taiwan
1826
-12
🇹🇼 Byzantines · Taiwan
1709
-8
[LuB]夢夢
4:54 Loom
13:18 Feudal Age
17:42 Castle Age
20:43 Fletching
29:44 Padded Archer Armor
35:01 Bodkin Arrow
GKT_Cloud
12:17 Feudal Age
12:48 Town Watch
13:10 Loom
13:54 Double-Bit Axe
19:41 Castle Age
19:16 Fletching
19:56 Crossbowman
21:05 Bodkin Arrow
21:53 Bow Saw
29:02 Ballistics
28:43 Padded Archer Armor
37:41 Imperial Age
36:23 Horse Collar
[LuB]a61
11:22 Loom
13:51 Feudal Age
17:27 Castle Age
15:15 Double-Bit Axe
15:11 Fishing Lines
16:43 Scale Barding Armor
18:22 Bow Saw
20:22 Chain Barding Armor
22:42 Chain Barding Armor
26:16 Forging
27:37 Wheelbarrow
28:50 Hand Cart
29:02 Gold Mining
29:31 Husbandry
32:45 Iron Casting
37:30 Imperial Age
37:33 Heavy Camel Rider
38:51 Plate Barding Armor
DemonSheep
5:00 Loom
13:45 Feudal Age
14:56 Fishing Lines
15:02 Double-Bit Axe
17:26 Castle Age
18:22 Fletching
18:43 Bow Saw
19:05 Gillnets
19:29 Medium Warships
20:38 Horse Collar
24:22 Bodkin Arrow
29:04 Wheelbarrow
28:15 Town Watch
28:55 Ballistics
29:56 Clinker Construction
29:50 Heavy Plow
30:06 Hand Cart
34:50 Imperial Age
32:31 Gillnets
34:01 Careening
34:28 Padded Archer Armor
36:05 Heavy Warships
37:30 Bracer
38:34 Conscription
38:22 Medical Corps
38:34 Leather Archer Armor
39:42 Chemistry
39:09 Thumb Ring
40:07 Ring Archer Armor
41:02 Elite Elephant Archer
43:20 Two-Man Saw
42:11 Gold Mining
42:12 Stone Mining
43:31 Siege Elephant
VENÓN | Mauricio
9:15 Loom
14:47 Feudal Age
15:29 Double-Bit Axe
16:26 Forging
22:12 Castle Age
20:22 Fishing Lines
23:31 Wheelbarrow
23:21 Bow Saw
23:53 Medium Warships
24:06 Gillnets
25:15 Iron Casting
24:54 Horse Collar
27:38 Fletching
29:09 Demolition Ship
32:58 Bodkin Arrow
40:55 Gold Mining
41:52 Hand Cart
41:47 Heavy Plow
VENÓN | El Claut_One
13:05 Feudal Age
17:20 Castle Age
15:30 Double-Bit Axe
15:43 Fishing Lines
16:07 Gold Mining
17:48 Fletching
18:24 Bodkin Arrow
18:27 Loom
20:20 Bloodlines
21:35 Padded Archer Armor
32:37 Treadmill Crane
33:20 Ballistics
35:35 Thumb Ring
41:07 Imperial Age
40:25 Wheelbarrow
40:01 Bow Saw
39:32 Horse Collar
41:21 Heavy Plow
41:58 Gold Shaft Mining
41:13 Stone Mining
41:13 Town Watch
41:54 Bracer
44:04 Chemistry
43:39 Leather Archer Armor
44:23 Scale Barding Armor
Pan
7:03 Loom
15:28 Feudal Age
16:08 Double-Bit Axe
16:28 Gold Mining
18:58 Castle Age
16:51 Fletching
17:22 Fishing Lines
19:52 Medium Warships
19:53 Bow Saw
19:48 Bodkin Arrow
21:29 Padded Archer Armor
24:45 Horse Collar
28:09 Wheelbarrow
29:27 Ballistics
37:36 Imperial Age
37:06 Kasbah
38:03 Leather Archer Armor
38:01 Bloodlines
38:21 Bracer
41:09 Chemistry
40:43 Heavy Plow
42:29 Conscription
43:05 Hand Cart
43:12 Elite Camel Archer
44:09 Husbandry
45:05 Ring Archer Armor
saymynameBook
5:04 Loom
11:12 Feudal Age
12:42 Town Watch
12:51 Fishing Lines
20:54 Castle Age
19:15 Gold Mining
21:29 Gillnets
22:56 Horse Collar
24:15 Medium Warships
24:32 Forging
26:26 Heavy Plow
28:29 Fletching
29:07 Bodkin Arrow
30:19 Wheelbarrow
31:10 Ballistics
33:46 Imperial Age
33:11 Scale Barding Armor
33:45 Gold Shaft Mining
33:00 Stone Mining
34:16 Husbandry
34:26 Bloodlines
34:37 Chain Barding Armor
34:24 Elite Battle Elephant
35:32 Hand Cart
37:33 Plate Barding Armor
37:30 Howdah
37:53 Conscription
39:20 Iron Casting
39:28 Coinage
39:25 Bracer
40:28 Blast Furnace
42:57 Banking
Connection lost

Rejoining the realm…

Still unreachable

The connection could not be restored.

Session expired

The server has moved on; the page needs a fresh start.